 Dungeon Crawl Stone Soup version 0.30-a0-632-g346586fe48 (webtiles) character file.

Game seed: 986236869774798301

88 Mitcholas the Shooter (level 4, -3/26 HPs)
             Began as a Deep Elf Hunter on Jan 13, 2023.
             Slain by Ijyb
             ... wielding a +0 club
              (5 damage)
             ... on level 3 of the Dungeon.
             The game lasted 00:02:21 (1264 turns).

Mitcholas the Shooter (Deep Elf Hunter)             Turns: 1264, Time: 00:02:22

Health: -3/26      AC:  6    Str:  8    XL:     4   Next: 30%
Magic:  6/6        EV: 13    Int: 14    God:
Gold:   100        SH:  0    Dex: 20    Spells: 3/3 levels left

rFire   . . .      SeeInvis .    a - +0 shortbow
rCold   . . .      Faith    .    (shield currently unavailable)
rNeg    . . .      Spirit   .    c - +0 leather armour
rPois   .          Reflect  .    (no helmet)
rElec   .          Harm     .    (no cloak)
rCorr   .          Rampage  .    (no gloves)
Will    .....                    f - +2 pair of boots {Fly}
Stlth   +++                      (no amulet)
HPRegen 0.24/turn                (no ring)
MPRegen 0.10/turn                (no ring)

@: flying
A: no striking features
a: no special abilities


You were on level 3 of the Dungeon.
You visited 1 branch of the dungeon, and saw 3 of its levels.

You collected 100 gold pieces.

Inventory:

Hand Weapons
 a - a +0 shortbow (weapon)
Armour
 c - a +0 leather armour (worn)
 f - a +2 pair of boots of flying (worn)
Scrolls
 b - a scroll of immolation
 d - a scroll of fear {unknown}
 e - a scroll of identify {unknown}
 h - a scroll of blinking {unknown}
Potions
 g - a potion of invisibility {unknown}
 i - a potion of heal wounds {unknown}
 j - a potion of curing {unknown}


   Skills:
 + Level 2.2 Fighting
 + Level 5.8 Ranged Weapons
 + Level 3.3 Dodging
 * Level 3.5 Stealth


You had 3 spell levels left.
You didn't know any spells.
Your spell library was empty.

Dungeon Overview and Level Annotations

Branches:
Dungeon (3/15)

Altars:
Uskayaw

Annotations:
D:3 Ijyb, Robin


Message History

An orc comes into view. It is wielding a +0 club.
Ijyb hits you with a +0 club.
Ijyb grins evilly.
Ijyb hits you with a +0 club.
Ijyb zaps a wand.
You shrug off the repeated paralysis!
You can move again.
You are too injured to fight recklessly!
Unknown command.
You are too injured to fight recklessly!
You are too injured to fight recklessly!
You are too injured to fight recklessly!
You are too injured to fight recklessly!
You are too injured to fight recklessly!
Unknown command.
You are too injured to fight recklessly!
You are too injured to fight recklessly!
You are too injured to fight recklessly!
Fire: a) +0 shortbow
Press: ? - help, Q - select action Shift-Dir - straight line, f/p - Ijyb
Aim: Ijyb, wielding a +0 club, wearing a +0 scale mail of fire resistance and carrying a wand of paralysis (3) (heavily wounded, 62% to hit)
You shoot an arrow. The arrow hits Ijyb but does no damage.
Ijyb is heavily wounded.
Ijyb hits you with a +0 club.
* * * LOW HITPOINT WARNING * * *
Fire: a) +0 shortbow
Press: ? - help, Q - select action Shift-Dir - straight line, f/p - Ijyb
Aim: Ijyb, wielding a +0 club, wearing a +0 scale mail of fire resistance and carrying a wand of paralysis (3) (heavily wounded, 62% to hit)
You shoot an arrow. The arrow hits Ijyb.
Ijyb is heavily wounded.
Ijyb hits you but does no damage.
Fire: a) +0 shortbow
Press: ? - help, Q - select action Shift-Dir - straight line, f/p - Ijyb
Aim: Ijyb, wielding a +0 club, wearing a +0 scale mail of fire resistance and carrying a wand of paralysis (3) (heavily wounded, 62% to hit)
You shoot an arrow. The arrow hits Ijyb!
Ijyb is almost dead.
Ijyb hits you with a +0 club.
* * * LOW HITPOINT WARNING * * *
Robin of the Strong Arm comes into view.
They are wielding a +0 club.
Ijyb hits you with a +0 club.
You die...

.### #.####...#########...#
...# #.#.##..##((.##..###..
##...# #.#.....#(#(#.##...#.#
...#..###.#.#...#((#...#._.'.#
#..............#(#.#.##...#.#
#..#......#.##..##(..##..###.#
.....g..g.....g..#########....
........##)###.....)........##
......#.##org@..####.#<.#####
..g...#.######....# .##.#
...<. #+# .....# #.# g...#
.###... #.# .... .# #. #.# ...
.# #.# .# ..# )# #.. ###


You could see Ijyb, Robin (wandering), 8 dancing weapons, an orc and a rat.

Vanquished Creatures
  3 adders (D:2)
  A worm (D:2)
  2 dart slugs
  An orc (D:3)
  3 endoplasms
  4 giant cockroaches
  6 goblins
  3 hobgoblins
  4 jackals (D:2)
  4 kobolds
  3 quokkas
  9 ball pythons
  2 bats (D:1)
  2 frilled lizards (D:2)
  4 rats
51 creatures vanquished.

Notes
Turn   | Place    | Note
-------+----------+-------------------------------------------
     0 | D:1      | Mitcholas the Deep Elf Hunter began the quest for the Orb.
     0 | D:1      | Reached XP level 1. HP: 12/12 MP: 3/3
   230 | D:1      | Reached XP level 2. HP: 17/17 MP: 4/4
   530 | D:2      | Reached XP level 3. HP: 21/21 MP: 5/5
   895 | D:2      | Reached XP level 4. HP: 26/26 MP: 6/6
  1174 | D:3      | Noticed a +0 spear
  1174 | D:3      | Noticed a +0 falchion
  1174 | D:3      | Noticed a +0 short sword
  1174 | D:3      | Noticed a +0 dagger
  1174 | D:3      | Noticed a +0 falchion
  1174 | D:3      | Noticed a +0 short sword
  1174 | D:3      | Noticed a +0 dagger
  1174 | D:3      | Noticed a +0 spear
  1191 | D:3      | Found a hide-covered altar of Uskayaw.
  1223 | D:3      | Noticed Ijyb
  1257 | D:3      | Paralysed by Ijyb for 5 turns
  1264 | D:3      | Noticed Robin
  1264 | D:3      | Slain by Ijyb

Illustrated notes

Levels and vault maps discovered:
D:1:      elethiomel_arrival_infinity_welcomes_careful_drivers, layout_rooms,
          serial_glass, glass_columns_b, glass_columns_a, wad_floor_pattern_1,
          roderic_malta_cross
D:2:      layout_loops_ring
D:3:      layout_basic, nicolae_uskayaw_en_pointe, wad_floor_pattern_2,
          nicolae_goblin_pals, uniq_ijyb

Skill      XL: |  1  2  3 |
---------------+----------+-----
Stealth        | 2 3 |  3.5
Fighting       | 2 |  2.2
Dodging        | 3 |  3.3
Ranged Weapons | |  5.8

Action                   |  1- 3 |  4- 6 || total
-------------------------+-------+-------++-------
 Fire: Shortbow          |    88 |    46 ||   134
Armor: Leather armour    |    19 |     2 ||    21
Dodge: Dodged            |    45 |    12 ||    57

Table legend: (Time is in decaauts)
 A = Elapsed time spent in this place.
 B = Non-inter-level travel time spent in this place.
 C = Inter-level travel time spent in this place.
 D = Time resting spent in this place.
 E = Time spent auto-exploring this place.
 F = Levels seen in this place.
 G = Mean time per level.
                   A        B        C        D        E       F      G
               +--------+--------+--------+--------+--------+-----+--------+
         Total |   1300 |   1267 |     33 |      0 |   1026 |   3 |  433.3 |
       Dungeon |   1300 |   1267 |     33 |      0 |   1026 |   3 |  433.3 |
               +--------+--------+--------+--------+--------+-----+--------+

Top non-repeatable levels by time:
     D:2: 665 daAuts
     D:1: 537 daAuts
     D:3: 97 daAuts
